 Dungeon Crawl Stone Soup version 0.13.1-19-g4b9377e (webtiles) character file.

269 Kae the Firebug (level 4, 0/24 HPs)
             Began as a Tengu Fire Elementalist on Dec 19, 2013.
             Slain by a worm (11 damage)
             ... on Level 3 of the Dungeon.
             The game lasted 00:04:36 (3431 turns).

Kae the Firebug (Tengu Fire Elementalist)           Turns: 3431, Time: 00:04:36

HP   0/24        AC  6     Str  8      XL: 4   Next: 66%
MP   2/8         EV 12     Int 17      God:
Gold 174         SH  0     Dex 14      Spells:  3 memorised,  0 levels left

Res.Fire  : . . .   See Invis. : .   (no weapon)
Res.Cold  : . . .   Warding    : .   a - +0 robe
Life Prot.: . . .   Conserve   : .   (no shield)
Res.Poison: .       Res.Corr.  : .   (helmet restricted)
Res.Elec. : .       Clarity    : .   (no cloak)
Sust.Abil.: . .     Spirit.Shd : .   (no gloves)
Res.Mut.  : .       Stasis     : .   (boots unavailable)
Res.Rott. : .       Flight     : .   (no amulet)
Saprovore : . . .                    (no ring)
                                     e - +4 ring of protection

@: slightly resistant to hostile enchantments, fairly stealthy
A: beak, talons 3
a: no special abilities


You were on level 3 of the Dungeon.
You were not hungry.

You visited 1 branch of the dungeon, and saw 3 of its levels.

You collected 154 gold pieces.

Inventory:

Missiles
 h - 49 darts (quivered)
 q - 11 exploding darts
Armour
 a - a +0 robe (worn)
Comestibles
 c - 2 bread rations
 f - a meat ration
 p - an apricot
Scrolls
 d - 4 scrolls of identify {unknown}
 g - a scroll of curse jewellery {unknown}
 i - a scroll of random uselessness {unknown}
 j - a scroll of fear {unknown}
 l - a scroll of enchant armour {unknown}
 m - a scroll of amnesia {unknown}
 n - a scroll of teleportation {unknown}
 o - a scroll of remove curse {unknown}
Jewellery
 e - a +4 ring of protection (left hand)
Potions
 k - a potion of curing {unknown}
 r - a potion of agility {unknown}
 t - a potion of invisibility {unknown}
Books
 b - a book of Flames

   Spells                             Type                      Level
   *Flame Tongue                      Conjuration/Fire             1
   *Throw Flame                       Conjuration/Fire             2
   *Conjure Flame                     Conjuration/Fire             3
   Inner Flame                        Hexes/Fire                   3
   Sticky Flame                       Conjuration/Fire             4
   Fireball                           Conjuration/Fire             5


   Skills:
 - Level 2.1 Dodging
 - Level 2.0 Stealth
 + Level 1.7 Spellcasting
 * Level 3.6 Conjurations
 * Level 4.5 Fire Magic


You couldn't memorise any spells.
You knew the following spells:

 Your Spells              Type           Power        Failure   Level  Hunger
a - Flame Tongue          Conj/Fire      ###..        3%          1    #......
b - Throw Flame           Conj/Fire      ###...       6%          2    ###....
c - Conjure Flame         Conj/Fire      ###.....     12%         3    ####...


Dungeon Overview and Level Annotations

Branches:
Dungeon (3/27)

Altars:

Annotations:
D:3 Sigmund


Innate Abilities, Weirdness & Mutations

You have a beak for a mouth.
You have claws for feet.


Message History

Aim: a worm (moderately wounded)
The flame hits the worm.
The worm is heavily wounded.
The worm closely misses you.
Casting: Flame Tongue
Confirm with . or Enter, or press ? or * to list all spells.
Aiming: Flame Tongue
Press: ? - help, Shift-Dir - straight line, f/p - worm
Aim: a worm (heavily wounded)
The flame hits the worm.
The worm is severely wounded.
Casting: Flame Tongue
Confirm with . or Enter, or press ? or * to list all spells.
Aiming: Flame Tongue
Press: ? - help, Shift-Dir - straight line, f/p - worm
Aim: a worm (severely wounded)
The flame hits the worm.
The worm is almost dead.
The worm bites you!
You die...

#...#..# #..##..#
#..##..###
#..###...####
#...##......#
#...##......# ####
#...........#
#...##.####...#.#####
#..)@..# #...#......
#....w.# ##########.
###....# #########>
####... ..........
###.. ########## ..$
.. #


You could see a worm.

Vanquished Creatures
  3 adders (D:2)
  An inept item mimic (D:3)
  A worm (D:3)
  A giant gecko (D:1)
  3 oozes
  An orc (D:3)
  4 giant cockroaches
  6 hobgoblins
  6 jackals (D:1)
  3 quokkas
  3 bats
  A giant newt (D:3)
  4 goblins
  5 kobolds
  A rat (D:1)
43 creatures vanquished.

Notes
Turn   | Place    | Note
--------------------------------------------------------------
     0 | D:1      | Kae, the Tengu Fire Elementalist, began the quest for the Orb.
     0 | D:1      | Reached XP level 1. HP: 10/10 MP: 3/3
   255 | D:1      | Reached XP level 2. HP: 10/15 MP: 1/5
  1253 | D:2      | Reached XP level 3. HP: 12/19 MP: 0/7
  1261 | D:1      | Reached skill level 4 in Fire Magic
  1716 | D:2      | Reached XP level 4. HP: 24/24 MP: 2/8
  2563 | D:3      | Noticed Sigmund
  2570 | D:3      | Learned a level 2 spell: Throw Flame
  2603 | D:2      | Learned a level 3 spell: Conjure Flame
  3431 | D:3      | Slain by a worm

Action                   |  1- 3 |  4- 6 || total
-------------------------+-------+-------++-------
Melee: Unarmed           |    47 |    37 ||    84
 Cast: Flame Tongue      |    51 |    52 ||   103
  Use: Potion            |     1 |       ||     1
